 Dungeon Crawl Stone Soup version 0.29.1-15-g9cfb28693d (webtiles) character file.

Game seed: 13888822410819087694

95 Gustavia the Cudgeller (level 4, -5/48 HPs)
             Began as an Ogre Gladiator on Mar 23, 2023.
             Slain by a gnoll
             ... wielding a +2 whip of freezing
              (6 damage)
             ... on level 1 of the Dungeon.
             The game lasted 00:06:08 (2706 turns).

Gustavia the Cudgeller (Ogre Gladiator)             Turns: 2706, Time: 00:06:09

Health: -5/48      AC:  3    Str: 20    XL:     4   Next: 66%
Magic:  4/4        EV: 10    Int:  9    God:
Gold:   87         SH:  0    Dex: 10    Spells: 3/3 levels left

rFire   + . .      SeeInvis .   b - +0 great mace
rCold   . . .      Faith    .   (shield currently unavailable)
rNeg    . . .      Spirit   .   f - +0 robe {rF+}
rPois   .          Reflect  .   c - +0 hat
rElec   .          Harm     .   (no cloak)
rCorr   .          Rampage  .   (gloves unavailable)
Will    .....                   (boots unavailable)
Stlth   +.........              (no amulet)
HPRegen 0.16/turn               (no ring)
MPRegen 0.09/turn               (no ring)

@: no status effects
A: large, unfitting armour, tough skin 1
a: no special abilities


You were on level 1 of the Dungeon.
You visited 1 branch of the dungeon, and saw 2 of its levels.

You collected 87 gold pieces.

Inventory:

Hand Weapons
 b - a +0 great mace (weapon)
Missiles
 d - 3 throwing nets (quivered)
 e - a large rock
Armour
 c - a +0 hat (worn)
 f - a +0 robe of fire resistance (worn)
Scrolls
 a - a scroll of poison
Potions
 h - 4 potions of flight


   Skills:
 + Level 3.6 Fighting
 + Level 3.9 Maces & Flails
 + Level 2.1 Throwing
 + Level 3.2 Dodging


You had 3 spell levels left.
You didn't know any spells.
Your spell library contained the following spells:

 Spells                   Type           Power      Damage    Failure   Level
 Magic Dart               Conj           0%         1d3       38%         1
 Call Imp                 Summ           0%         N/A       52%         2
 Mephitic Cloud           Conj/Pois/Air  0%         N/A       77%         3
 Airstrike                Air            0%         2d(0-16)  99%         4
 Summon Lightning Spire   Summ/Air       0%         N/A       99%         4
 Lightning Bolt           Conj/Air       0%         1d11      100%        5


Dungeon Overview and Level Annotations

Branches:
Dungeon (2/15)

Altars:


Innate Abilities, Weirdness & Mutations

You are too large for most types of armour.
You have tough skin. (AC +1)


Message History

The gnoll barely misses you. The kobold hits you but does no damage.
The gnoll barely misses you.
You barely miss the kobold. The kobold hits you but does no damage.
The gnoll hits you with a +2 whip of freezing.
The gnoll freezes you.
You closely miss the kobold. The kobold hits you but does no damage.
The gnoll misses you. The kobold barely misses you.
The gnoll closely misses you.
You hit the kobold.
The kobold is moderately wounded.
The kobold barely misses you.
The gnoll hits you with a +2 whip of freezing.
The gnoll freezes you.
You closely miss the kobold.
The kobold is moderately wounded.
The kobold hits you with a +0 short sword.
The gnoll closely misses you. The kobold hits you but does no damage.
The gnoll hits you with a +2 whip of freezing.
The gnoll freezes you.
You can't go down here!
The kobold hits you with a +0 short sword.
* * * LOW HITPOINT WARNING * * *
The gnoll closely misses you.
You climb upwards.
There is a stone staircase leading down here.
You barely miss the gnoll.
The kobold hits you with a +0 short sword.
* * * LOW HITPOINT WARNING * * *
The gnoll closely misses you. The kobold attacks as you move away!
The kobold hits you with a +0 short sword.
* * * LOW HITPOINT WARNING * * *
The gnoll hits you with a +2 whip of freezing.
* * * LOW HITPOINT WARNING * * *
The gnoll freezes you.
* * * LOW HITPOINT WARNING * * *
You thump the kobold!
You kill the kobold!
The gnoll hits you with a +2 whip of freezing.
You die...

#.....##.#...#...######...####..#
#.###...........## ##..# #... #.#
#.##.#...#.## ##..# ##.#
#.###.##.#...#.## #...# #.#
#.....#>).......#######.#.#####.#
#..#..................#.#....##.#
#..####.........#####.#.####.##.#
#..# ####...##### #.#.# #.##.#
#..#######......@####.#.####.##..
#.......##...###>g...............
#.#####.###### #..####.#.........
#.# #...# #..####...##..#... #.#
###.# #..##.........##.# #.#
#.######..##.##.###.###.# #.#
#.##.........##.......... #.#
#.##.###>>##.............
#.#######.##.###...#.##.###.####.


You could see a gnoll.

Vanquished Creatures
  2 adders (D:2)
  2 gnolls
  2 worms (D:2)
  A dart slug (D:1)
  5 ball pythons
  6 endoplasms
  A giant cockroach (D:1)
  4 goblins (D:1)
  8 hobgoblins
  5 quokkas (D:1)
  3 frilled lizards
  5 kobolds
  5 rats
49 creatures vanquished.

Notes
Turn   | Place    | Note
-------+----------+-------------------------------------------
     0 | D:1      | Gustavia the Ogre Gladiator began the quest for the Orb.
     0 | D:1      | Reached XP level 1. HP: 22/22 MP: 1/1
   193 | D:1      | Reached XP level 2. HP: 26/29 MP: 2/2
   709 | D:1      | Reached XP level 3. HP: 24/37 MP: 3/3
  1975 | D:2      | Reached XP level 4. HP: 44/45 MP: 4/4
  2705 | D:1      | HP: 2/48 [gnoll/+2 whip of freezing (5)]
  2706 | D:1      | Slain by a gnoll

Illustrated notes

Levels and vault maps discovered:
D:1:      minmay_arrival_four_loops, layout_loops_ring, serial_glass,
          glass_columns_b, glass_columns_b
D:2:      layout_rooms, shapermc_ecumenical_altar_hornbeckon,
          corexii_item_surrounded_by_moat, small_statue_intersection,
          dk_vineyard_2, minmay_pentomino_s4

Skill      XL: |  1  2 |
---------------+-------+-----
Maces & Flails | 3 |  3.9
Fighting       | 3 |  3.6
Dodging        | 3 |  3.2
Throwing       | |  2.1

Action                   |  1- 3 |  4- 6 || total
-------------------------+-------+-------++-------
Melee: Flail             |   118 |       ||   118
       Great mace        |     1 |    36 ||    37
  Use: Scroll            |     5 |     1 ||     6
       Potion            |     1 |       ||     1
Armor: Robe              |    40 |    20 ||    60
Dodge: Dodged            |    68 |    32 ||   100
